TOP OF THE 1ST |
Hillsboro Hops batting - Pitching for Auburn Doubledays : RHP Chris Mosley
|
Pitching: RHP Chris Mosley
|
|
Batting: RHB Yutaka Oki
|
0-0: Swinging Strike 0-1: Foul Ball, location: 2F 0-2: Ball 1-2: Foul Ball, location: 2F 1-2: Ground out U3 (Groundball, 34S, EV 86.9 MPH)
|
Batting: RHB Daniel Rivera
|
0-0: Fly out, F9 (Line Drive, 9LM, EV 90.6 MPH)
|
Batting: RHB Tim Borden
|
0-0: Ball 1-0: Called Strike 1-1: Swinging Strike 1-2: Ball 2-2: Ball 3-2: Base on Balls
|
Batting: LHB Franklin Quezada
|
0-0: Ball 1-0: Called Strike 1-1: Ball 2-1: Ball 3-1: Base on Balls Tim Borden to second
|
Batting: RHB Alejandro Hernandez
|
0-0: Called Strike 0-1: Ball 1-1: Foul Ball, location: 2F 1-2: Ball 2-2: Fielders Choice at 2nd, 5-4 (Groundball, 5L, EV 86.9 MPH)
|
Top of the 1st over - 0 runs, 0 hits, 0 errors, 2 left on base; Hillsboro 0 - Auburn 0 |
BOTTOM OF THE 1ST |
Auburn Doubledays batting - Pitching for Hillsboro Hops : RHP Justin Gasper
|
Pitching: RHP Justin Gasper
|
|
Batting: RHB Leo Gutierrez
|
0-0: Ball 1-0: Foul Ball, location: 2F 1-1: Ground out U3 (Groundball, 34S, EV 92.5 MPH)
|
Batting: LHB Vince McLane
|
0-0: Ground out U3 (Groundball, 3, EV 82.5 MPH)
|
Batting: RHB Tylor Cyr
|
0-0: Ball 1-0: Ball 2-0: Ground out 5-3 (Groundball, 56S, EV 73.8 MPH)
|
Bottom of the 1st over - 0 runs, 0 hits, 0 errors, 0 left on base; Hillsboro 0 - Auburn 0 |
TOP OF THE 2ND |
Hillsboro Hops batting - Pitching for Auburn Doubledays : RHP Chris Mosley
|
Batting: RHB Cesar Rendon
|
0-0: Ball 1-0: Fly out, F4 (Line Drive, 4, EV 65.6 MPH)
|
Batting: RHB Jonathan Underhill
|
0-0: Ball 1-0: Ball 2-0: Ball 3-0: Base on Balls
|
Batting: RHB John Ricketts
|
0-0: Ball Jonathan Underhill steals 2nd base 1-0: Ground out 6-3 (Groundball, 6, EV 84.4 MPH) Jonathan Underhill to third
|
Batting: LHB Josh Kirk
|
0-0: Called Strike 0-1: Swinging Strike 0-2: Hit by Pitch
|
Batting: RHB Yutaka Oki
|
0-0: Fly out, F8 (Flyball, 78S, EV 78.1 MPH)
|
Top of the 2nd over - 0 runs, 0 hits, 0 errors, 2 left on base; Hillsboro 0 - Auburn 0 |
BOTTOM OF THE 2ND |
Auburn Doubledays batting - Pitching for Hillsboro Hops : RHP Justin Gasper
|
Batting: RHB Er Le
|
0-0: Called Strike 0-1: Ball 1-1: Fly out, F3 (Line Drive, 3L, EV 65.0 MPH)
|
Batting: RHB Steve Bauman
|
0-0: Swinging Strike 0-1: Ball 1-1: Swinging Strike 1-2: Ground out 6-3 (Groundball, 6, EV 90.0 MPH)
|
Batting: LHB Yasuo Igarashi
|
0-0: Ball 1-0: Foul Ball, location: 2F 1-1: Ball 2-1: Ball 3-1: Swinging Strike 3-2: Strikes out swinging
|
Bottom of the 2nd over - 0 runs, 0 hits, 0 errors, 0 left on base; Hillsboro 0 - Auburn 0 |
TOP OF THE 3RD |
Hillsboro Hops batting - Pitching for Auburn Doubledays : RHP Chris Mosley
|
Batting: RHB Daniel Rivera
|
0-0: Ball 1-0: Foul Ball, location: 2F 1-1: Ground out 6-3 (Groundball, 6MD, EV 103.1 MPH)
|
Batting: RHB Tim Borden
|
0-0: Ball 1-0: Swinging Strike 1-1: Swinging Strike 1-2: Ball 2-2: Foul Ball, location: 2F 2-2: Ball 3-2: Base on Balls
|
Batting: LHB Franklin Quezada
|
0-0: Ball 1-0: Called Strike 1-1: Ball 2-1: Foul Ball, location: 2F 2-2: Strikes out swinging
|
Batting: RHB Alejandro Hernandez
|
0-0: Ball 1-0: Foul Ball, location: 2F 1-1: Called Strike 1-2: Ball 2-2: Strikes out looking
|
Top of the 3rd over - 0 runs, 0 hits, 0 errors, 1 left on base; Hillsboro 0 - Auburn 0 |
BOTTOM OF THE 3RD |
Auburn Doubledays batting - Pitching for Hillsboro Hops : RHP Justin Gasper
|
Batting: RHB Scott Skoglund
|
0-0: Ball 1-0: Ball 2-0: Called Strike 2-1: Swinging Strike 2-2: Ground out 1-3 (Groundball, 15S, EV 66.9 MPH)
|
Batting: LHB Adam Jacobs
|
0-0: Ball 1-0: Ball 2-0: Ball 3-0: Called Strike 3-1: Foul Ball, location: 2F 3-2: Foul Ball, location: 2F 3-2: Base on Balls
|
Batting: LHB Adam Lancaster
|
0-0: Ball 1-0: Called Strike 1-1: Swinging Strike 1-2: Ball 2-2: Ball 3-2: Base on Balls Adam Jacobs to second
|
Batting: RHB Leo Gutierrez
|
0-0: Fly out, F8 (Line Drive, 89M, EV 101.9 MPH)
|
Batting: LHB Vince McLane
|
0-0: Ball 1-0: Ball 2-0: Ball 3-0: Called Strike 3-1: Fielders Choice at 2nd, U4 (Groundball, 4M, EV 107.5 MPH)
|
Bottom of the 3rd over - 0 runs, 0 hits, 0 errors, 2 left on base; Hillsboro 0 - Auburn 0 |
TOP OF THE 4TH |
Hillsboro Hops batting - Pitching for Auburn Doubledays : RHP Chris Mosley
|
Batting: RHB Cesar Rendon
|
0-0: Swinging Strike 0-1: Ball 1-1: Ball 2-1: Ball 3-1: Called Strike 3-2: Foul Ball, location: 2F 3-2: Strikes out looking
|
Batting: RHB Jonathan Underhill
|
0-0: Called Strike 0-1: Called Strike 0-2: Foul Ball, location: 2F 0-2: Ball 1-2: Ball 2-2: Ball 3-2: Base on Balls
|
Batting: RHB John Ricketts
|
0-0: Ball 1-0: Called Strike Jonathan Underhill steals 2nd base (no throw) 1-1: Swinging Strike 1-2: Foul Ball, location: 2F 1-2: Strikes out swinging
|
Batting: LHB Josh Kirk
|
0-0: Foul Ball, location: 2F 0-1: Ball 1-1: Foul Ball, location: 2F 1-2: Foul Ball, location: 2F 1-2: Ball 2-2: Foul Ball, location: 2F 2-2: SINGLE (Line Drive, 3D, EV 97.5 MPH) Jonathan Underhill to third Runner from 3rd tries for Home, SAFE, throw by RF to home
|
Pitching: RHP Josh Jenkins
|
|
Batting: RHB Yutaka Oki
|
0-0: Called Strike 0-1: Foul Ball, location: 2F 0-2: Fly out, F8 (Line Drive, 8LS, EV 110.0 MPH)
|
Top of the 4th over - 1 run, 1 hit, 0 errors, 1 left on base; Hillsboro 1 - Auburn 0 |
BOTTOM OF THE 4TH |
Auburn Doubledays batting - Pitching for Hillsboro Hops : RHP Justin Gasper
|
Batting: RHB Tylor Cyr
|
0-0: Foul Ball, location: 2F 0-1: Ball 1-1: Called Strike 1-2: Foul Ball, location: 2F 1-2: Ball 2-2: Ground out 6-3 (Groundball, 6M, EV 108.8 MPH)
|
Batting: RHB Er Le
|
0-0: Fly out, F8 (Line Drive, 78M, EV 94.4 MPH)
|
Batting: RHB Steve Bauman
|
0-0: Swinging Strike 0-1: Ball 1-1: Ball 2-1: Foul Ball, location: 2F 2-2: Ball 3-2: Base on Balls
|
Batting: LHB Yasuo Igarashi
|
0-0: Ball 1-0: Ground out 4-3 (Groundball, 4, EV 106.2 MPH)
|
Bottom of the 4th over - 0 runs, 0 hits, 0 errors, 1 left on base; Hillsboro 1 - Auburn 0 |
TOP OF THE 5TH |
Hillsboro Hops batting - Pitching for Auburn Doubledays : RHP Josh Jenkins
|
Batting: RHB Daniel Rivera
|
0-0: DOUBLE (Flyball, 89D, EV 111.9 MPH)
|
Batting: RHB Tim Borden
|
0-0: Ball 1-0: Foul Ball, location: 2F 1-1: Called Strike 1-2: Strikes out swinging
|
Batting: LHB Franklin Quezada
|
0-0: Ball 1-0: Swinging Strike 1-1: Ball 2-1: Foul Ball, location: 2F 2-2: Fly out, F7 (Flyball, 7LM, EV 85.6 MPH)
|
Batting: RHB Alejandro Hernandez
|
0-0: Ball 1-0: Called Strike 1-1: Ball 2-1: Foul Ball, location: 2F 2-2: Foul Ball, location: 2F 2-2: Strikes out swinging
|
Top of the 5th over - 0 runs, 1 hit, 0 errors, 1 left on base; Hillsboro 1 - Auburn 0 |
BOTTOM OF THE 5TH |
Auburn Doubledays batting - Pitching for Hillsboro Hops : RHP Justin Gasper
|
Batting: RHB Scott Skoglund
|
0-0: Called Strike 0-1: Ball 1-1: Reached on error, E6 (Groundball, 6, EV 85.0 MPH)
|
Batting: LHB Adam Jacobs
|
0-0: Swinging Strike 0-1: Grounds into double play, 4-6-3 (Groundball, 4, EV 88.1 MPH)
|
Batting: LHB Adam Lancaster
|
0-0: Ground out 4-3 (Groundball, 34, EV 108.8 MPH)
|
Bottom of the 5th over - 0 runs, 0 hits, 1 error, 0 left on base; Hillsboro 1 - Auburn 0 |
TOP OF THE 6TH |
Hillsboro Hops batting - Pitching for Auburn Doubledays : RHP Josh Jenkins
|
Batting: RHB Cesar Rendon
|
0-0: Called Strike 0-1: Foul Ball, location: 2F 0-2: Ball 1-2: Strikes out swinging
|
Batting: RHB Jonathan Underhill
|
0-0: Ball 1-0: Called Strike 1-1: Ball 2-1: Ball 3-1: Base on Balls
|
Batting: RHB John Ricketts
|
0-0: Ball Jonathan Underhill is caught stealing 2nd base 2-4 1-0: Ball 2-0: Ball 3-0: Base on Balls
|
Batting: LHB Josh Kirk
|
0-0: Ball John Ricketts is caught stealing 2nd base 2-6
|
Top of the 6th over - 0 runs, 0 hits, 0 errors, 0 left on base; Hillsboro 1 - Auburn 0 |
BOTTOM OF THE 6TH |
Auburn Doubledays batting - Pitching for Hillsboro Hops : RHP Justin Gasper
|
Batting: RHB Leo Gutierrez
|
0-0: Ground out 4-3 (Groundball, 4, EV 80.0 MPH)
|
Batting: LHB Vince McLane
|
0-0: Ball 1-0: Swinging Strike 1-1: Foul Ball, location: 2F 1-2: Ball 2-2: Fly out, F9 (Flyball, 89M, EV 88.8 MPH)
|
Batting: RHB Tylor Cyr
|
0-0: Called Strike 0-1: Called Strike 0-2: Ground out 6-3 (Groundball, 6, EV 86.2 MPH)
|
Bottom of the 6th over - 0 runs, 0 hits, 0 errors, 0 left on base; Hillsboro 1 - Auburn 0 |
TOP OF THE 7TH |
Hillsboro Hops batting - Pitching for Auburn Doubledays : RHP Josh Jenkins
|
Batting: LHB Josh Kirk
|
0-0: Ball 1-0: Called Strike 1-1: Ball 2-1: Foul Ball, location: 2F 2-2: Strikes out looking
|
Batting: RHB Yutaka Oki
|
0-0: Ball 1-0: Called Strike 1-1: SOLO HOME RUN (Line Drive, 7LD, EV 96.9 MPH), Distance : 360 ft
|
Batting: RHB Daniel Rivera
|
0-0: Called Strike 0-1: Foul Ball, location: 2F 0-2: Strikes out swinging
|
Batting: RHB Tim Borden
|
0-0: Called Strike 0-1: SINGLE (Line Drive, 56D, EV 100.0 MPH)
|
Pitching: LHP Kevin Besser
|
|
Batting: LHB Franklin Quezada
|
0-0: Ground out 4-3 (Groundball, 4S, EV 56.9 MPH)
|
Top of the 7th over - 1 run, 2 hits, 0 errors, 1 left on base; Hillsboro 2 - Auburn 0 |
BOTTOM OF THE 7TH |
Auburn Doubledays batting - Pitching for Hillsboro Hops : RHP Justin Gasper
|
Batting: RHB Er Le
|
0-0: Foul Ball, location: 2F 0-1: Foul Ball, location: 2F 0-2: Foul Ball, location: 2F 0-2: Strikes out looking
|
Batting: RHB Steve Bauman
|
0-0: Ball 1-0: Ball 2-0: Ground out U3 (Groundball, 3, EV 104.4 MPH)
|
Batting: LHB Yasuo Igarashi
|
0-0: Foul Ball, location: 2F 0-1: Foul Ball, location: 2F 0-2: Ball 1-2: Hit by Pitch
|
Batting: RHB Scott Skoglund
|
0-0: Swinging Strike 0-1: Foul Ball, location: 2F 0-2: Ball 1-2: Ball Yasuo Igarashi steals 2nd, throwing error, E2 Yasuo Igarashi to third 2-2: Ball 3-2: Foul Ball, location: 2F 3-2: Base on Balls
|
Batting: LHB Adam Jacobs
|
0-0: Foul Ball, location: 2F 0-1: Ball 1-1: Ball 2-1: Swinging Strike 2-2: Strikes out swinging
|
Bottom of the 7th over - 0 runs, 0 hits, 1 error, 2 left on base; Hillsboro 2 - Auburn 0 |
TOP OF THE 8TH |
Hillsboro Hops batting - Pitching for Auburn Doubledays : LHP Kevin Besser
|
Pitching: RHP Chris Lawrence
|
|
Batting: RHB Alejandro Hernandez
|
0-0: Ball 1-0: Called Strike 1-1: Ball 2-1: Ground out 5-3 (Groundball, 5S, EV 76.2 MPH)
|
Batting: RHB Cesar Rendon
|
0-0: Ball 1-0: Ball 2-0: Ball 3-0: Called Strike 3-1: Foul Ball, location: 2F 3-2: Foul Ball, location: 2F 3-2: Strikes out swinging, 2-3 out at first.
|
Batting: RHB Jonathan Underhill
|
0-0: Foul Ball, location: 2F 0-1: Ball 1-1: Swinging Strike 1-2: Foul Ball, location: 2F 1-2: Strikes out looking
|
Top of the 8th over - 0 runs, 0 hits, 0 errors, 0 left on base; Hillsboro 2 - Auburn 0 |
BOTTOM OF THE 8TH |
Auburn Doubledays batting - Pitching for Hillsboro Hops : RHP Justin Gasper
|
Batting: LHB Adam Lancaster
|
0-0: Fly out, F7 (Flyball, 7S, EV 91.9 MPH)
|
Batting: RHB Leo Gutierrez
|
0-0: Ground out 5-3 (Groundball, 5L, EV 90.6 MPH)
|
Batting: LHB Vince McLane
|
0-0: Foul Ball, location: 2F 0-1: Foul Ball, location: 2F 0-2: SINGLE (Groundball, 34S, EV 61.2 MPH) (infield hit)
|
Pitching: RHP John Meyer
|
|
Batting: RHB Tylor Cyr
|
0-0: Called Strike 0-1: 2-RUN HOME RUN (Flyball, 7D, EV 98.8 MPH), Distance : 382 ft
|
Batting: RHB Er Le
|
0-0: Called Strike 0-1: Ball 1-1: Called Strike 1-2: Foul Ball, location: 2F 1-2: Strikes out swinging
|
Bottom of the 8th over - 2 runs, 2 hits, 0 errors, 0 left on base; Hillsboro 2 - Auburn 2 |
TOP OF THE 9TH |
Hillsboro Hops batting - Pitching for Auburn Doubledays : RHP Chris Lawrence
|
Batting: RHB John Ricketts
|
0-0: Called Strike 0-1: Ball 1-1: Swinging Strike 1-2: Strikes out looking
|
Batting: LHB Josh Kirk
|
0-0: Ball 1-0: Ball 2-0: Ball 3-0: Called Strike 3-1: Called Strike 3-2: Base on Balls
|
Batting: RHB Yutaka Oki
|
0-0: Called Strike 0-1: Fly out, F7 (Line Drive, 7LM, EV 95.0 MPH)
|
Pinch Hitting: LHB Josh Thomas
|
0-0: Called Strike 0-1: Ball 1-1: Called Strike 1-2: Fly out, F8 (Flyball, 8LM, EV 89.4 MPH)
|
Top of the 9th over - 0 runs, 0 hits, 0 errors, 1 left on base; Hillsboro 2 - Auburn 2 |
BOTTOM OF THE 9TH |
Auburn Doubledays batting - Pitching for Hillsboro Hops : RHP John Meyer
|
Now at 3B: Morgan Batson
|
|
Batting: RHB Steve Bauman
|
0-0: Called Strike 0-1: Ball 1-1: Ball 2-1: Swinging Strike 2-2: Strikes out looking
|
Batting: LHB Yasuo Igarashi
|
0-0: Ball 1-0: Ball 2-0: Fly out, F3 (Flyball, 3D, EV 88.1 MPH)
|
Pinch Hitting: LHB John Holst
|
0-0: Called Strike 0-1: Ball 1-1: Foul Ball, location: 2F 1-2: Ground out U3 (Groundball, 3, EV 98.8 MPH)
|
Bottom of the 9th over - 0 runs, 0 hits, 0 errors, 0 left on base; Hillsboro 2 - Auburn 2 |
TOP OF THE 10TH |
Hillsboro Hops batting - Pitching for Auburn Doubledays : RHP Chris Lawrence
|
Pitching: RHP Oswaldo Vasquez
|
|
Now in CF: Travis Stanley
|
|
Batting: RHB Tim Borden
|
0-0: Ball 1-0: Foul Ball, location: 2F 1-1: Foul Ball, location: 2F 1-2: Fly out, F8 (Flyball, 8RD, EV 102.5 MPH)
|
Batting: LHB Franklin Quezada
|
0-0: SINGLE (Groundball, 34D, EV 97.5 MPH)
|
Batting: RHB Alejandro Hernandez
|
0-0: Ball 1-0: Called Strike Franklin Quezada steals 2nd base 1-1: Intentional Walk
|
Batting: RHB Cesar Rendon
|
0-0: Called Strike Franklin Quezada steals 3rd, throwing error, E2 Franklin Quezada scores Alejandro Hernandez to third 0-1: Foul Ball, location: 2F 0-2: Ball 1-2: SINGLE (Line Drive, 7LS, EV 110.6 MPH) Alejandro Hernandez scores
|
Batting: RHB Jonathan Underhill
|
0-0: Foul Ball, location: 2F 0-1: Ball 1-1: Ball 2-1: Ball 3-1: Called Strike 3-2: Fielders Choice at 2nd, 5-4 (Groundball, 5S, EV 86.2 MPH)
|
Batting: RHB John Ricketts
|
0-0: Ball Wild Pitch! Jonathan Underhill to second 1-0: Fly out, F8 (Flyball, 8LD, EV 98.8 MPH)
|
Top of the 10th over - 2 runs, 2 hits, 1 error, 1 left on base; Hillsboro 4 - Auburn 2 |
BOTTOM OF THE 10TH |
Auburn Doubledays batting - Pitching for Hillsboro Hops : RHP John Meyer
|
Now at 1B: Antonio Luisa
|
|
Batting: LHB Adam Jacobs
|
0-0: Called Strike 0-1: Swinging Strike 0-2: Ball 1-2: Strikes out swinging
|
Batting: LHB Adam Lancaster
|
0-0: Swinging Strike 0-1: Swinging Strike 0-2: Ground out U3 (Groundball, 34S, EV 64.4 MPH)
|
Batting: RHB Leo Gutierrez
|
0-0: Foul Ball, location: 2F 0-1: Ball 1-1: Swinging Strike 1-2: Ball 2-2: Ball 3-2: Fly out, F7 (Line Drive, 7S, EV 90.6 MPH)
|
Bottom of the 10th over - 0 runs, 0 hits, 0 errors, 0 left on base; Hillsboro 4 - Auburn 2 |
|